 Dungeon Crawl Stone Soup version 0.30-a0-591-g3c58d2bc28 (webtiles) character file.

Game seed: 3601806247675887195

7 Goblin1989 the Sneak (level 1, 0/18 HPs)
             Began as a Demonspawn Delver on Jan 5, 2023.
             Was an Initiate of Hepliaklqana.
             Slain by a worm (10 damage)
             ... on level 2 of the Dungeon.
             The game lasted 00:05:11 (856 turns).

Goblin1989 the Sneak (Demonspawn Delver)             Turns: 856, Time: 00:05:12

Health: 0/18       AC:  3    Str: 12    XL:     1   Next: 91%
Magic:  1/1        EV: 11    Int: 11    God:    Hepliaklqana [......]
Gold:   23         SH:  0    Dex: 14    Spells: 0/0 levels left

rFire   . . .      SeeInvis .    a - +0 short sword
rCold   . . .      Faith    .    (no shield)
rNeg    . . .      Spirit   .    b - +0 leather armour
rPois   .          Reflect  .    (no helmet)
rElec   .          Harm     .    (no cloak)
rCorr   .          Rampage  .    (no gloves)
Will    .....                    (no boots)
Stlth   +++                      (no amulet)
HPRegen 0.23/turn                (no ring)
MPRegen 0.07/turn                (no ring)

@: no status effects
A: no striking features
a: Renounce Religion


You were on level 2 of the Dungeon.
You worshipped Hepliaklqana.
Hepliaklqana was noncommittal.
You visited 2 branches of the dungeon, and saw 5 of its levels.

You collected 23 gold pieces.

Inventory:

Hand Weapons
 a - a +0 short sword (weapon)
Armour
 b - a +0 leather armour (worn)
Wands
 g - a wand of digging (3) {@v3}
Scrolls
 c - 2 scrolls of fog
 d - a scroll of magic mapping
 j - 2 scrolls of identify {unknown}
 k - a scroll of noise {unknown}


   Skills:
 - Level 3.0 Fighting
 * Level 2.2 Short Blades
 - Level 1.7 Dodging
 + Level 4.6 Stealth


You couldn't memorise any spells.
You didn't know any spells.
Your spell library was empty.

Dungeon Overview and Level Annotations

Branches:
Dungeon (5/15) Zot: 23511  Temple (1/1) D:5 Zot: 5644

Altars:
Ashenzari
Cheibriados
Dithmenos
Fedhas
Gozag
Hepliaklqana
Kikubaaqudgha
Nemelex Xobeh
Okawaru
Qazlal
Ru
Sif Muna
Trog
Uskayaw
Wu Jian
Yredelemnul


Message History

There is an open door here.
Found a scroll of fog.
The helpless bat fails to defend itself.
You puncture the bat!
You kill the bat!
c - 2 scrolls of fog (gained 1)
An endoplasm comes into view.
Okay, then.
There is an open door here.
Found a scroll labelled LACILU NYSOEWN.
The endoplasm quivers.
You hit the endoplasm.
The endoplasm is heavily wounded.
The endoplasm freezes you.
You are frozen.
You take 1 damage, and have 17/18 hp.
You hit the endoplasm but do no damage.
The endoplasm is heavily wounded.
The endoplasm freezes you.
You are frozen.
You take 1 damage, and have 16/18 hp.
You hit the endoplasm.
The endoplasm is almost dead.
The endoplasm freezes you.
You are frozen.
You take 3 damage, and have 13/18 hp.
You hit the endoplasm.
You kill the endoplasm!
You start resting.
HP restored.
Health restored: 18
j - 2 scrolls labelled LACILU NYSOEWN (gained 1)
You open the door.
Found a stone staircase leading up.
There is an open door here.
There is a stone staircase leading up here.
You climb upwards.
There is a stone staircase leading down here.
Found a club.
You see here a +0 club.
A bat comes into view.
A worm comes into view.
You hit the worm but do no damage. The bat hits you but does no damage.
You hit the worm but do no damage. The bat hits you but does no damage.
The worm bites you but does no damage.
You hit the worm.
The worm is lightly wounded.
You hit the worm but do no damage.
The worm is lightly wounded.
The bat barely misses you. The worm bites you but does no damage.
You barely miss the worm.
The worm is lightly wounded.
The bat hits you but does no damage. The worm barely misses you.
You hit the worm.
The worm is lightly wounded.
The bat hits you but does no damage.
You hit the worm.
The worm is lightly wounded.
The bat hits you but does no damage. x2
You hit the worm but do no damage.
The worm is lightly wounded.
The bat barely misses you. The worm barely misses you.
You barely miss the worm.
The worm is lightly wounded.
The worm misses you.
You hit the worm.
The worm is lightly wounded.
The bat hits you.
You take 1 damage, and have 17/18 hp.
You hit the worm.
The worm is moderately wounded.
A goblin comes into view. It is wielding a +0 dagger.
The bat closely misses you. The worm bites you!
You take 8 damage, and have 9/18 hp.
MASSIVE DAMAGE!!
You are too injured to fight recklessly!
You are too injured to fight recklessly!
You are too injured to fight recklessly!
You are too injured to fight recklessly!
You are too injured to fight recklessly!
You are too injured to fight recklessly!
The bat attacks as you move away! The bat barely misses you. x2
The worm misses you.
You hit the worm.
The worm is lightly wounded.
You barely miss the worm.
The worm is lightly wounded.
The worm bites you.
You take 2 damage, and have 9/18 hp.
You hit the worm but do no damage.
The worm is lightly wounded.
You barely miss the worm. You punch the worm.
The worm is moderately wounded.
The worm barely misses you.
You hit the worm.
The worm is heavily wounded.
You hit the worm.
The worm is heavily wounded.
The worm bites you!
Ouch! That really hurt!
You die...

██████████████████████████.
..).............@wb........
████████████████████.......
.█████. .█ .█ .. .g ..


You could see a worm and a bat.

Vanquished Creatures
  2 endoplasms
  A hobgoblin (D:5)
  A quokka (D:5)
  2 bats (D:3)
6 creatures vanquished.

Notes
Turn   | Place    | Note
-------+----------+-------------------------------------------
     0 | D:5      | Goblin1989 the Demonspawn Delver began the quest for the
                  | Orb.
     0 | D:5      | Reached XP level 1. HP: 18/18 MP: 1/1
   126 | D:4      | Noticed an iguana
   196 | D:5      | Found a staircase to the Ecumenical Temple.
   208 | Temple   | Entered the Ecumenical Temple
   525 | Temple   | Became a worshipper of Hepliaklqana the Forgotten
   570 | D:5      | Noticed a scorpion
   856 | D:2      | Slain by a worm

Illustrated notes

Levels and vault maps discovered:
D:2:      cheibrodos_helix_gallery, layout_basic,
          dreamdust_ecumenical_altar_angels_and_demons
D:3:      layout_basic, dreamdust_mushroom_princess, st_stairs_14, uniq_terence
D:4:      layout_rooms, minivault_27
D:5:      layout_gridville, mainiacjoe_overflow_six_doors_small, temple_pool_b,
          abandoned_shop, grunt_ministairs_14, hangedman_abyss_or_decor_stabs
Temple:   mainiacjoe_temple_big_plus

Skill      XL: |  1 |
---------------+----+-----
Short Blades   | 2 |  2.2
Fighting       | |  3.0
Dodging        | |  1.7
Stealth        | |  4.6

Action                   || total
-------------------------++-------
Melee: Short sword       ||    39
       Punch             ||     2
  Use: Scroll            ||     2
       Potion            ||     2
 Stab: Sleeping          ||     1
Armor: Leather armour    ||    13
Dodge: Dodged            ||    20

Table legend: (Time is in decaauts)
 A = Elapsed time spent in this place.
 B = Non-inter-level travel time spent in this place.
 C = Inter-level travel time spent in this place.
 D = Time resting spent in this place.
 E = Time spent auto-exploring this place.
 F = Levels seen in this place.
 G = Mean time per level.
                   A        B        C        D        E       F      G
               +--------+--------+--------+--------+--------+-----+--------+
         Total |    843 |    799 |     44 |     83 |    348 |   5 |  168.6 |
       Dungeon |    487 |    487 |      0 |     83 |     42 |   4 |  121.8 |
        Temple |    355 |    311 |     44 |      0 |    306 |   1 |  355.0 |
               +--------+--------+--------+--------+--------+-----+--------+

Top non-repeatable levels by time:
  Temple: 355 daAuts
     D:5: 223 daAuts
     D:3: 147 daAuts
     D:2: 70 daAuts
     D:4: 45 daAuts
